 Dungeon Crawl Stone Soup version 0.29-a0-490-g77b3608bb8 (webtiles) character file.

Game seed: 10367555081269493901

2 happo123 the Sneak (level 1, -1/10 HPs)
             Began as a Kobold Enchanter on May 27, 2022.
             Slain by a goblin
             ... wielding a +2 dagger of freezing
              (3 damage)
             ... on level 1 of the Dungeon.
             The game lasted 00:00:49 (79 turns).

happo123 the Sneak (Kobold Enchanter)                 Turns: 79, Time: 00:00:50

Health: -1/10      AC:  2    Str:  5    XL:     1   Next: 44%
Magic:  3/3        EV: 15    Int: 16    God:
Gold:   0          SH:  0    Dex: 15    Spells: 4/4 levels left

rFire   . . .      SeeInvis .   a - +1 dagger
rCold   . . .      Faith    .   (no shield)
rNeg    . . .      Spirit   .   b - +0 robe
rPois   .          Reflect  .   (no helmet)
rElec   .          Harm     .   (no cloak)
rCorr   .          Rampage  .   (no gloves)
Will    .....                   (no boots)
Stlth   ++++......              (no amulet)
HPRegen 0.03/turn               (no ring)
MPRegen 0.08/turn               (no ring)

@: no status effects
A: small, no large weapons, nightstalker 3
a: no special abilities


You were on level 1 of the Dungeon.
You visited 1 branch of the dungeon, and saw 1 of its levels.

Inventory:

Hand Weapons
 a - a +1 dagger (weapon)
Armour
 b - a +0 robe (worn)
Jewellery
 d - a +6 ring of dexterity
Potions
 c - 2 potions of invisibility
 e - a potion of mutation {unknown}


   Skills:
 + Level 0.0 Fighting
 + Level 1.5 Short Blades
 + Level 2.5 Dodging
 + Level 4.0 Stealth
 + Level 2.2 Spellcasting
 * Level 3.0 Hexes


You had 4 spell levels left.
You didn't know any spells.
Your spell library contained the following spells:

 Spells                   Type           Power      Damage    Failure   Level
 Ensorcelled Hibernation  Hex/Ice        12%        N/A       17%         2
 Confusing Touch          Hex            11%        N/A       17%         3
 Tukima's Dance           Hex            11%        N/A       17%         3
 Dazzling Flash           Conj/Hex       12%        N/A       32%         3


Dungeon Overview and Level Annotations

Branches:
Dungeon (1/15)

Altars:


Innate Abilities, Weirdness & Mutations

You are small and have problems with some larger weapons.
You are completely attuned to the shadows.


Message History

Welcome, happo123 the Kobold Enchanter.
The breathtaking Orb of Zot lies far below, as if waiting for you to find it.
Press ? for a list of commands and other information.
Found a staircase leading out of the dungeon.
Found 15 stones.
An endoplasm comes into view.
Found 22 stones and a hand axe.
Found a stone staircase leading down.
The helpless endoplasm fails to defend itself.
You puncture the endoplasm!
You kill the endoplasm!
A quokka comes into view.
Found a ring mail.
You see here a +0 ring mail.
The helpless quokka fails to defend itself.
You impale the quokka!!
You kill the quokka!
Found an escape hatch in the floor.
There is a stone staircase leading down here.
d - a +6 ring of dexterity
e - a silvery potion A goblin comes into view.
It is wielding a +2 dagger of freezing.
The goblin shouts!
The goblin hits you with a +2 dagger of freezing.
The goblin freezes you.
You closely miss the goblin.
The goblin hits you with a +2 dagger of freezing.
* * * LOW HITPOINT WARNING * * *
The goblin freezes you.
* * * LOW HITPOINT WARNING * * *
You hit the goblin.
The goblin is heavily wounded.
The goblin hits you with a +2 dagger of freezing.
You die...

#..#######
#........#
##.#####.#
.....##.# #.#
.....##.# #.#
.....##.# #.#
......#.# #.#
......#.#
#.####.#
+#.#....#
#..@g..# #
#....# ########
#.###..#
#......#
###.#..#.#..
#.#..#.#.###
..##.#.>...
.####>#.#.#####
..)..........#


You could see a goblin.

Vanquished Creatures
  An endoplasm (D:1)
  A quokka (D:1)
2 creatures vanquished.

Notes
Turn   | Place    | Note
-------+----------+-------------------------------------------
     0 | D:1      | happo123 the Kobold Enchanter began the quest for the Orb.
     0 | D:1      | Reached XP level 1. HP: 10/10 MP: 3/3
    79 | D:1      | Slain by a goblin

Illustrated notes

Levels and vault maps discovered:
D:1:      dpeg_arrival_ternary, layout_basic, minmay_misc_feat_hallway,
          minmay_tripent

Action                   || total
-------------------------++-------
Melee: Dagger            ||     4
 Stab: Sleeping          ||     2

Table legend: (Time is in decaauts)
 A = Elapsed time spent in this place.
 B = Non-inter-level travel time spent in this place.
 C = Inter-level travel time spent in this place.
 D = Time resting spent in this place.
 E = Time spent auto-exploring this place.
 F = Levels seen in this place.
 G = Mean time per level.
                   A        B        C        D        E       F      G
               +--------+--------+--------+--------+--------+-----+--------+
         Total |     78 |     73 |      5 |      0 |     58 |   1 |   78.0 |
       Dungeon |     78 |     73 |      5 |      0 |     58 |   1 |   78.0 |
               +--------+--------+--------+--------+--------+-----+--------+

Top non-repeatable levels by time:
     D:1: 78 daAuts
